 Dungeon Crawl Stone Soup version 0.29-a0-322-g68df515428 (webtiles) character file.

Game seed: 16271044872660276773

18 Ijustatesigmund the Firebug (level 2, -2/15 HPs)
             Began as a Tengu Fire Elementalist on Apr 7, 2022.
             Succumbed to an orc's poison
             ... on level 2 of the Dungeon.
             The game lasted 00:01:24 (1078 turns).

Ijustatesigmund the Firebug (TeFE)                  Turns: 1078, Time: 00:01:25

Health: -2/15      AC:  2    Str:  8    XL:     2   Next: 70%
Magic:  0/6        EV: 12    Int: 15    God:
Gold:   37         SH:  0    Dex: 14    Spells: 2/5 levels left

rFire   . . .      SeeInvis .   c - +2 spear (vorpal)
rCold   . . .      Faith    .   (no shield)
rNeg    . . .      Spirit   .   a - +0 robe
rPois   .          Reflect  .   (helmet restricted)
rElec   .          Harm     .   (no cloak)
rCorr   .          Rampage  .   (no gloves)
Will    .....                   (boots unavailable)
Stlth   ++........              (no amulet)
HPRegen 0.05/turn               (no ring)
MPRegen 0.10/turn               (no ring)

@: lethally poisoned (-2 -> -17)
A: beak, talons 3
a: no special abilities


You were on level 2 of the Dungeon.
You visited 1 branch of the dungeon, and saw 2 of its levels.

You collected 37 gold pieces.

Inventory:

Hand Weapons
 c - a +2 vorpal spear (weapon)
Armour
 a - a +0 robe (worn)
Scrolls
 d - a scroll of identify
Potions
 b - a potion of magic
 f - a potion of flight


   Skills:
 - Level 2.1 Dodging
 - Level 2.0 Stealth
 - Level 2.0 Spellcasting
 + Level 2.6 Conjurations
 + Level 3.8 Fire Magic


You had 2 spell levels left.
You knew the following spells:

 Your Spells              Type           Power      Damage    Failure   Level
a - Foxfire               Conj/Fire      44%        2x1d6     6%          1
b - Scorch                Fire           26%        2d6       7%          2

Your spell library contained the following spells:

 Spells                   Type           Power      Damage    Failure   Level
 Conjure Flame            Conj/Fire      11%        6-21      17%         3
 Inner Flame              Hex/Fire       7%         N/A       30%         3
 Flame Wave               Conj/Fire      11%        2d5       50%         4


Dungeon Overview and Level Annotations

Branches:
Dungeon (2/15)

Altars:


Innate Abilities, Weirdness & Mutations

You have a beak for a mouth.
You have claws for feet.


Message History

Your magical contamination has completely faded away.
You start resting.
Magic restored.
You start resting.
HP restored.
Memorise Scorch, consuming 2 spell levels and leaving 2?
You start memorising the spell.
You continue memorising. x2
You finish memorising.
Spell assigned to 'b'.
You climb downwards.
The orc hits you with a +0 dagger of venom.
You are lethally poisoned!
There is a stone staircase leading up here.
Casting: Foxfire (safe; 6% risk of failure)
Confirm with . or Enter, or press ? or * to list all spells.
Flames lash the orc.
You kill the orc!
You feel very sick. The orc barely misses you.
Casting: Scorch (safe; 7% risk of failure)
Confirm with . or Enter, or press ? or * to list all spells.
Flames lash the orc.
The orc is lightly wounded.
The orc's fire resistance burns away.
You feel sick. The orc closely misses you.
Casting: Scorch (safe; 7% risk of failure)
Confirm with . or Enter, or press ? or * to list all spells.
Flames lash the orc but do no damage.
You feel sick. The orc closely misses you.
You completely miss the orc. You claw the orc.
You peck the orc, but do no damage.
The orc is moderately wounded.
* * * LOW HITPOINT WARNING * * *
You feel sick.
The orc hits you with a +0 dagger of venom.
* * * LOW HITPOINT WARNING * * *
You are more poisoned.
Okay, then.
You hit the orc but do no damage.
The orc is moderately wounded.
You die... ######### #...).o@# #.#######

You could see an orc (combustible).

Vanquished Creatures
  A dart slug (D:1)
  2 orcs
  An endoplasm (D:1)
  3 goblins (D:1)
  A hobgoblin (D:1)
  2 frilled lizards (D:1)
  2 kobolds (D:1)
  2 rats (D:1)
14 creatures vanquished.

Vanquished Creatures (collateral kills)
  A foxfire (D:1)
1 creature vanquished.

Vanquished Creatures (others)
  44 foxfires (D:1)
44 creatures vanquished.

Grand Total: 59 creatures vanquished

Notes
Turn   | Place    | Note
-------+----------+-------------------------------------------
     0 | D:1      | Ijustatesigmund the Tengu Fire Elementalist began the quest
                  | for the Orb.
     0 | D:1      | Reached XP level 1. HP: 10/10 MP: 4/4
   222 | D:1      | Found a faded altar of an unknown god.
   480 | D:1      | Reached XP level 2. HP: 15/15 MP: 3/6
  1072 | D:1      | Learned a level 2 spell: Scorch
  1078 | D:2      | Succumbed to an orc's poison

Illustrated notes

Levels and vault maps discovered:
D:1:      wander_arrival_fairy_ring, layout_loops_ring,
          ebering_ecumenical_altar_ruins, nrook_campfire
D:2:      layout_basic, chequers_mini_garden, nicolae_underground_beach

Skill      XL: |  1 |
---------------+----+-----
Conjurations   | 2 |  2.6
Dodging        | |  2.1
Stealth        | |  2.0
Spellcasting   | |  2.0
Fire Magic     | |  3.8

Action                   || total
-------------------------++-------
Melee: Spear             ||     6
       Kick              ||     3
       Peck              ||     2
 Cast: Foxfire           ||    28
       Scorch            ||     3
  Use: Scroll            ||     2
Armor: Robe              ||     2
Dodge: Dodged            ||     7

Table legend: (Time is in decaauts)
 A = Elapsed time spent in this place.
 B = Non-inter-level travel time spent in this place.
 C = Inter-level travel time spent in this place.
 D = Time resting spent in this place.
 E = Time spent auto-exploring this place.
 F = Levels seen in this place.
 G = Mean time per level.
                   A        B        C        D        E       F      G
               +--------+--------+--------+--------+--------+-----+--------+
         Total |   1078 |   1027 |     51 |    102 |    801 |   2 |  539.0 |
       Dungeon |   1078 |   1027 |     51 |    102 |    801 |   2 |  539.0 |
               +--------+--------+--------+--------+--------+-----+--------+

Top non-repeatable levels by time:
     D:1: 1068 daAuts
     D:2: 9 daAuts
